Unix NetHack Version 5.0.0-0 post-release - last build May  4 2026 22:22:43 (774f63e81ad911689b3a0859ea89b322d5daca8d,branch:main).

Game began 2026-05-09 15:29:37, ended 2026-05-09 17:27:38.

IanCurtis, chaotic male elven Wizard

                                .---......
                                ...$......   GG
                                ..@hh..)).
                                 .-.1f.---
                                  .....|

IanCurtis the Thaumaturge  St:9 Dx:13 Co:15 In:19 Wi:13 Ch:10  Chaotic
Dlvl:9  $:168 HP:0(42) Pw:25(93) AC:8  Xp:7 T:4151  Burdened

Latest messages:
 You kill the gnome!
 You see here a green gem.
 Your large cat eats a gnome corpse.
 You hear some noises in the distance.
 In what direction? .
 You feel better.
 You miss the gnome.
 The gnome hits!
 You kill the gnome!
 The gnome lord throws 2 daggers!
 You are hit by the 1st dagger.
 You are hit by the 2nd dagger.
 The gnome lord wields an axe!
 In what direction? l
 The spell hits the gnome lord!
 You kill the gnome lord!
 The large cat bites the gnome lord.
 You hit the gnome lord.
 The large cat misses the gnome lord.
 The gnome lord swings his axe.
 The gnome lord hits!
 The large cat bites the gnome lord.
 You hear a B flat squeak in the distance.
 In what direction? .
 You feel better.
 The large cat misses the gnome lord.
 The dwarf puts on a hooded cloak.
 The gnome lord swings his axe.
 The gnome lord hits!
 In what direction? n
 The spell hits the gnome lord!
 You kill the gnome lord!
 Please move the cursor to a monster, object or location.
 (For instructions type a '?')
 The hobbit throws an elven dagger!
 The dwarf is hit.
 The dwarf picks up a green gem.
 The dwarf swings her pick-axe.
 The dwarf hits!
 In what direction? y
 The sleep ray hits the dwarf.
 The large cat misses the ettin zombie.
 The hobbit wields a dagger!
 The ettin zombie hits!
 The ettin zombie hits again!
 The large cat bites the dwarf.
 The hobbit thrusts his dagger.
 The hobbit hits!
 You die...
 Do you want your possessions identified? [ynq] (y) q

Inventory:
 Coins    ('$')
  $ - 168 gold pieces
 Amulets  ('"')
  r - an uncursed amulet of guarding
 Weapons  (')')
  m - a +0 crossbow bolt
  a - a blessed +1 quarterstaff (weapon in hands)
 Armor    ('[')
  K - an uncursed rusty +0 helm of caution named telepathy (being worn)
  Q - an uncursed +0 pair of leather gloves (being worn)
  F - an uncursed +0 cloak of magic resistance (being worn)
 Comestibles  ('%')
  B - an uncursed food ration
  g - an uncursed lizard corpse
 Scrolls  ('?')
  u - an uncursed scroll of destroy armor
  j - 2 uncursed scrolls of enchant weapon
  O - an uncursed scroll of scare monster
  q - a cursed scroll of teleportation
 Rings    ('=')
  D - an uncursed ring of cold resistance
  w - an uncursed ring of conflict named conflict
  G - a cursed ring of invisibility named cursed?
  e - an uncursed ring of polymorph control
 Wands    ('/')
  c - a wand of death (0:7)
  v - a wand of magic missile (0:7)
  l - a wand of make invisible (0:7)
  z - a wand of striking (0:5)
 Tools    ('(')
  b - an uncursed sack containing 16 items
  i - a bag of tricks (0:20)
  p - an uncursed wooden flute
  o - an uncursed blindfold
  k - an uncursed lock pick
  n - a magic marker (0:19)
  A - an uncursed magic whistle
  d - a +0 pick-axe
  s - an uncursed stethoscope
  C - a cursed tallow candle

Contents of the sack:
  an uncursed scroll of remove curse
  an uncursed scroll of charging
  2 uncursed scrolls of enchant armor
  an uncursed scroll of light
  2 uncursed scrolls of earth
  a blessed scroll of teleportation
  an uncursed scroll of teleportation
  a blessed spellbook of force bolt
  an uncursed spellbook of healing
  an uncursed spellbook of levitation
  an uncursed spellbook of sleep
  a cursed potion of gain ability
  an uncursed potion of oil
  2 blessed potions of healing
  2 uncursed potions of healing
  2 uncursed potions of water

IanCurtis the Wizard's attributes:

Background:
 You were a Thaumaturge, a level 7 male elven Wizard.
 You were chaotic, on a mission for Anhur
 who was opposed by Ptah (lawful) and Thoth (neutral).
 You were right-handed.
 You were in the Gnomish Mines, on level 9.
 You entered the dungeon 4151 turns ago.
 You had 766 experience points, 514 more were needed to attain level 8.

Basics:
 You had 0 out of 42 hit points.
 You had 25 out of 93 energy points (spell power).
 Your armor class was 8.
 Your wallet contained 168 zorkmids.
 Autopickup was off.

Final Characteristics:
 Your strength was 9 (limit:18).
 Your dexterity was 13 (limit:18).
 Your constitution was 15 (limit:16).
 Your intelligence was 19 (limit:20).
 Your wisdom was 13 (limit:20).
 Your charisma was 10 (limit:18).

Final Status:
 You weren't hungry.
 You were burdened; movement was slightly slowed.
 You were wielding a quarterstaff.
 You were skilled in quarterstaff.

Final Attributes:
 You were piously aligned.
 You were magic-protected.
 You were sleep resistant.
 You were telepathic.
 You were warned.
 You had infravision.
 You were warded.
 You are dead.

Miscellaneous:
 You didn't encounter any bones levels.
 Total elapsed playing time was 31 minutes and 1 second.

Major events:
 Turn
    1: IanCurtis the chaotic male elven Wizard entered the dungeon
  923: attained the rank of Conjurer (level 3)
 1227: entered the Gnomish Mines
 2347: reached Mine Town
 2483: attained the rank of Thaumaturge (level 6)
 4151: killed by a hobbit

Spells:
 Name                 Level Category     Fail Retention
 force bolt             1   attack         0%   76%-80%
 sleep                  3   enchantment    0%   71%-80%
 levitation             4   escape        98%  76%-100%
 healing                1   healing        0%  76%-100%

Skills:
 Fighting Skills
   bare handed combat [Unskilled]
   riding             [Unskilled]
 Weapon Skills
   dagger             [Unskilled]
   knife              [Unskilled]
   axe                [Unskilled]
   short sword        [Unskilled]
   club               [Unskilled]
   mace               [Unskilled]
   quarterstaff       [Skilled]
   polearms           [Unskilled]
   spear              [Unskilled]
   trident            [Unskilled]
   sling              [Unskilled]
   dart               [Unskilled]
   shuriken           [Unskilled]
 Spellcasting Skills
   attack spells      [Skilled]
   healing spells     [Unskilled]
   divination spells  [Unskilled]
   enchantment spells [Basic]
   clerical spells    [Unskilled]
   escape spells      [Unskilled]
   matter spells      [Unskilled]

Voluntary challenges:
 Character rerolling was not enabled.
 You never genocided any monsters.
 You never polymorphed an object.
 You never changed form.
 You used no wishes.
Achievements:
 You attained the rank of Conjurer.
 You entered the Gnomish Mines.
 You entered Minetown.
 You entered a shop.
 You entered a temple.
 You attained the rank of Thaumaturge.

 The Dungeons of Doom: levels 1 to 4
    Level 1:
    Level 2:
       Some fountains, a sink.
    Level 3: "vault"
       A fountain.
    Level 4:
       A fountain.
       Stairs down to The Gnomish Mines.
 The Gnomish Mines: levels 5 to 9
    Level 5:
    Level 6:
    Level 7:
       Many shops, a temple and an altar, some fountains.
    Level 8:
    Level 9: <- You were here.
       Final resting place for
          you, killed by a hobbit.


Vanquished creatures:
  a small mimic
  a giant beetle
  a lizard
  a rope golem
  a bugbear
 an imp
  a pony
  a fog cloud
  3 shriekers
  7 gnome leaders
  2 gnomish wizards
  a kobold mummy
  a gray ooze
  2 straw golems
  2 floating eyes
 10 dwarves
  9 rothes
  a giant bat
 an orc zombie
  a wererat
 an iguana
 an acid blob
  2 coyotes
  a hobbit
  5 giant rats
  a yellow mold
  a red mold
 34 gnomes
  3 gnome zombies
  2 geckos
  8 jackals
  3 goblins
  a sewer rat
  4 grid bugs
  a lichen
  7 newts
123 creatures vanquished.

No species were genocided or became extinct.

Game over:
                       ----------
                      /          \
                     /    REST    \
                    /      IN      \
                   /     PEACE      \
                  /                  \
                  |    IanCurtis     |
                  |      168 Au      |
                  |   killed by a    |
                  |      hobbit      |
                  |                  |
                  |                  |
                  |       2026       |
                 *|     *  *  *      | *
        _________)/\\_//(\/(/\)/\//\/|_)_______

Goodbye IanCurtis the Wizard...

You died in The Gnomish Mines on dungeon level 9 with 3616 points,
and 168 pieces of gold, after 4151 moves.
You were level 7 with a maximum of 42 hit points when you died.

